 Dungeon Crawl Stone Soup version 0.22-a0-32-ga749362 (webtiles) character file.

2662 Faca the Archer (level 9, 0/74 HPs)
             Began as a Centaur Hunter on Jan 3, 2018.
             Was an Initiate of Okawaru.
             Slain by a hornet (3 damage)
             ... on level 6 of the Dungeon.
             The game lasted 00:27:27 (9533 turns).

Faca the Archer (Centaur Hunter)                    Turns: 9533, Time: 00:27:27

Health: 0/74       AC: 14    Str: 17    XL:     9   Next: 36%
Magic:  9/9        EV:  6    Int: 10    God:    Okawaru [......]
Gold:   344        SH:  0    Dex: 11    Spells: 8/8 levels left

rFire    x . .     SeeInvis .   i - +3 dagger (speed)
rCold    + . .     Gourm    .   (no shield)
rNeg     + . .     Faith    .   k - +0 chain mail
rPois    .         Spirit   .   h - +1 helmet
rElec    .         Reflect  .   (no cloak)
rCorr    .         Harm     .   s - +2 pair of gloves
MR       .....                  (no barding)
Stlth    ..........             (no amulet)
HPRegen  0.22/turn              n - ring of positive energy
MPRegen  0.11/turn              r - ring of ice

@: lethally poisoned (0 -> 0), slowed
A: large, hooves 3, deformed body, speed 2, tough skin 3
a: Renounce Religion


You were on level 6 of the Dungeon.
You worshipped Okawaru.
Okawaru was noncommittal.
You were not hungry.

You visited 2 branches of the dungeon, and saw 8 of its levels.

You collected 344 gold pieces.

Inventory:

Hand Weapons
 a - a +2 shortbow
 i - a +3 dagger of speed (weapon)
Missiles
 d - 96 arrows
Armour
 h - a +1 helmet (worn)
 k - a +0 chain mail (worn)
 s - a +2 pair of gloves (worn)
 u - a +0 plate armour
Jewellery
 n - a ring of positive energy (left hand)
 r - a ring of ice (right hand)
Wands
 t - a wand of flame (42)
Scrolls
 c - 2 scrolls of remove curse
 e - a scroll of identify
 m - 3 scrolls of fear
 o - 3 scrolls of enchant armour
 p - a scroll of enchant weapon
Potions
 b - 3 potions of curing
 g - a potion of magic
 j - 5 potions of heal wounds
 l - 2 potions of brilliance
 q - a potion of flight
Comestibles
 f - 3 rations


   Skills:
 + Level 5.3 Fighting
 + Level 6.7 Short Blades
 * Level 8.3 Bows
 + Level 5.0 Armour
 + Level 3.1 Dodging
 - Level 0.4 Stealth


You had 8 spell levels left.
You didn't know any spells.

Dungeon Overview and Level Annotations

Branches:
Dungeon (7/15)             Temple (1/1) D:6

Altars:
Ashenzari
Cheibriados
Dithmenos
Elyvilon
Gozag
Hepliaklqana
Makhleb
Okawaru
Qazlal
Ru
Trog
Uskayaw
Vehumet
Xom
Yredelemnul
The Shining One

Annotations:
D:4 isock's ghost, novice GnWn


Innate Abilities, Weirdness & Mutations

You have hooves in place of feet.
Armour fits poorly on your strangely shaped body.
You cover ground very quickly.
You have extremely tough skin. (AC +3)


Message History

The hornet is severely wounded.
The hornet stings you.
You feel as though you will be slow longer.
You hit the hornet but do no damage. Your kick misses the hornet.
The hornet is severely wounded.
You feel sick. The hornet stings you!
* * * LOW HITPOINT WARNING * * *
You suddenly lose the ability to move!
The hornet stings you but does no damage.
The hornet stings you.
* * * LOW HITPOINT WARNING * * *
You shrug off the repeated paralysis!
The hornet stings you.
* * * LOW HITPOINT WARNING * * *
You feel as though you will be slow longer.
You can move again.
You hit the hornet.
The hornet is severely wounded.
You feel sick. The hornet stings you.
You die...

#...#####.#.#
#...# #.#.# ##
#...# #.#.# #.
#...# #.#.# #.
#...#####.#.# #.
##....#......# #.
#...........## #.
#y....###.#..####.
#@†..## ##........
#....# #..<.....
#....## ##.#######
##....###..#
#####...### ##.##
# #.# # #.# # #.#
####


You could see a hornet.

Vanquished Creatures
  Grinder (D:6)
  Menkaure (D:6)
  The ghost of azuredreams the Changer, an amateur OpTm of Yredelemnul (D:5)
  Duvessa (D:4)
  4 orc warriors
  A phantom (D:5)
  The ghost of Faca the Skirmisher, an amateur CeFi (D:3)
  2 ice beasts
  2 ogres
  A centaur (D:6)
  2 bullfrogs (D:6)
  Dowan (D:4)
  A water moccasin skeleton (D:3)
  3 wights (D:6)
  A howler monkey (D:5)
  A centaur zombie (D:5)
  5 orc priests
  A hound (D:5)
  2 jellies
  3 orc wizards
  A centaur skeleton (D:4)
  An iguana (D:5)
  Natasha (thrice) (D:3)
  3 worker ants
  9 adders
  A shadow imp (D:5)
  2 adder skeletons
  3 worms
  3 dart slugs
  2 leopard geckos
  24 orcs
  5 bats (D:2)
  6 giant cockroaches
  8 goblins
  6 hobgoblins
  13 jackals
  2 quokkas
  2 frilled lizards
  10 kobolds
  A quokka zombie (D:6)
  11 rats
151 creatures vanquished.

Notes
Turn   | Place    | Note
-------+----------+-------------------------------------------
     0 | D:1      | Faca the Centaur Hunter began the quest for the Orb.
     0 | D:1      | Reached XP level 1. HP: 17/17 MP: 1/1
   271 | D:1      | Reached XP level 2. HP: 18/24 MP: 2/2
  1082 | D:2      | Reached skill level 6 in Bows
  1082 | D:2      | Reached XP level 3. HP: 30/30 MP: 3/3
  1259 | D:2      | Reached skill level 1 in Short Blades
  1276 | D:2      | Reached XP level 4. HP: 28/37 MP: 4/4
  1691 | D:2      | Reached skill level 1 in Armour
  2249 | D:3      | Reached XP level 5. HP: 38/44 MP: 5/5
  2496 | D:3      | Noticed an ice beast
  2506 | D:3      | Noticed Faca's ghost (amateur CeFi)
  2513 | D:3      | Killed an ice beast
  2513 | D:3      | Reached XP level 6. HP: 51/51 MP: 6/6
  2536 | D:3      | Killed Faca's ghost
  3056 | D:3      | Noticed Natasha
  3069 | D:3      | Killed Natasha
  3232 | D:3      | Noticed Natasha
  3242 | D:3      | Killed Natasha
  3242 | D:3      | Reached XP level 7. HP: 57/57 MP: 7/7
  3321 | D:4      | Noticed Duvessa
  3323 | D:4      | Noticed Dowan
  3511 | D:3      | Noticed Natasha
  3520 | D:3      | Killed Natasha
  3574 | D:4      | Found a stormy altar of Qazlal.
  3575 | D:4      | Noticed a fire elemental
  3577 | D:4      | Noticed a water elemental
  3577 | D:4      | Noticed an air elemental
  3645 | D:4      | Killed Duvessa
  3886 | D:4      | Killed Dowan
  4128 | D:4      | Found a shimmering altar of Xom.
  4414 | D:4      | Noticed isock's ghost (novice GnWn)
  5257 | D:5      | Entered Level 5 of the Dungeon
  5265 | D:5      | Reached skill level 5 in Short Blades
  5299 | D:5      | Noticed azuredreams's ghost (amateur OpTm)
  5316 | D:5      | Killed azuredreams's ghost
  5329 | D:5      | Reached XP level 8. HP: 50/66 MP: 8/8
  6679 | D:6      | Noticed Grinder
  7065 | D:6      | Killed Grinder
  7065 | D:6      | Reached skill level 7 in Bows
  7291 | D:6      | Noticed Menkaure
  7693 | D:6      | Reached skill level 5 in Fighting
  7739 | D:6      | Reached XP level 9. HP: 30/74 MP: 9/9
  8617 | D:6      | Reached skill level 8 in Bows
  9258 | D:6      | Killed Menkaure
  9258 | D:6      | Reached skill level 5 in Armour
  9370 | D:6      | Found a staircase to the Ecumenical Temple.
  9379 | Temple   | Entered the Ecumenical Temple
  9384 | Temple   | Became a worshipper of Warmaster Okawaru
  9521 | D:6      | Paralysed by a hornet for 2 turns
  9530 | D:6      | Paralysed by a hornet for 2 turns
  9533 | D:6      | HP: 3/74 [poisoned by a hornet]
  9533 | D:6      | Slain by a hornet

Vault maps used:
D:1:      dpeg_arrival_erosion
D:2:      minmay_randomly_rotated_circles
D:3:      uniq_natasha
D:4:      nicolae_qazlal_style_of_elements, xom_teletrap_fun, uniq_duvessa
D:5:      first_ration
D:6:      minmay_temple_entry_grid, kennysheep_generic_room_6, uniq_menkaure,
          uniq_grinder
Temple:   dpeg_three_leaves_temple

Skill      XL: |  1  2  3  4  5  6  7  8  9 |
---------------+----------------------------+-----
Bows           | 6 7 8 |  8.3
Short Blades   | 1 3 4 5 6 |  6.7
Armour         | 1 2 3 4 5 |  5.0
Dodging        | 2 3 |  3.1
Fighting       | 3 4 5 |  5.3
Stealth        | |  0.4

Action                   |  1- 3 |  4- 6 |  7- 9 || total
-------------------------+-------+-------+-------++-------
Melee: Short sword       |    53 |       |       ||    53
       Kick              |    17 |    42 |   159 ||   218
       Dagger            |    58 |   182 |   534 ||   774
 Fire: Shortbow          |     2 |     4 |    32 ||    38
  Use: Scroll            |     8 |     1 |     8 ||    17
  Eat: Chunk             |     1 |     1 |     3 ||     5
       Ration            |       |     1 |     5 ||     6
Armor: Leather armour    |    36 |    40 |       ||    76
       Ring mail         |       |     2 |    44 ||    46
       Scale mail        |       |       |    21 ||    21
       Chain mail        |       |       |    47 ||    47
Dodge: Dodged            |    50 |    41 |    87 ||   178

Table legend:
 A = Spawn XP
 B = Non-spawn XP
 C = Spawn XP percentage of total XP
 D = Spawn monster count
 E = Non-spawn monster count
 F = Spawn count percentage of total count
 G = Total turns spent on level
                    A         B        C        D         E        F      G
               +---------+---------+-------+---------+---------+-------+---------
         Total |       0 |    3803 |   0.0 |       0 |     151 |   0.0 |  9533
               +---------+---------+-------+---------+---------+-------+---------
           D:1 |       0 |      35 |   0.0 |       0 |      18 |   0.0 |  1012
           D:2 |       0 |     108 |   0.0 |       0 |      34 |   0.0 |  1186
           D:3 |       0 |     624 |   0.0 |       0 |      35 |   0.0 |  1469
           D:4 |       0 |     434 |   0.0 |       0 |      12 |   0.0 |  1823
           D:5 |       0 |     922 |   0.0 |       0 |      22 |   0.0 |  2483
           D:6 |       0 |    1680 |   0.0 |       0 |      30 |   0.0 |  1539
               +---------+---------+-------+---------+---------+-------+---------
